 Dungeon Crawl Stone Soup version 0.31-a0-590-g8a5a4361df (webtiles) character file.

Game seed: 9232676378401762958

87 Rohain the Magician (level 4, -3/31 HPs)
             Began as a Djinni Fire Elementalist on Aug 19, 2023.
             Was an Initiate of Ashenzari.
             Slain by a river rat (7 damage)
             ... summoned by Eustachio
             ... on level 4 of the Dungeon.
             The game lasted 00:03:17 (2253 turns).

Rohain the Magician (Djinni Fire Elementalist)      Turns: 2253, Time: 00:03:18

Health: -3/31      AC:  7    Str:  7    XL:     4   Next: 80%
Gold:   199        EV: 13    Int: 19    God:    Ashenzari [......] SH:  0 Dex: 13

rFire   + + .        (no weapon)
rCold   x . .        (no shield)
rNeg    . . .        a - +1 robe
rPois   ∞            (no helmet)
rElec   .            (no cloak)
rCorr   .            (no gloves)
SInv    .            (boots unavailable)
Will    +....        i - amulet of the acrobat
Stlth   ++           b - +4 ring of protection
HPRegen 0.25/turn    (no ring)
MPRegen 0.00/turn

%: acrobat, infuse magic (-4 HP)
@: enlightened, flying
A: sickness immunity, fire resistance 2, cold vulnerability 1, float, innate
caster, HP casting, extra vitality 1
a: Renounce Religion


You were on level 4 of the Dungeon.
You worshipped Ashenzari.
Ashenzari was noncommittal.
You visited 1 branch of the dungeon, and saw 4 of its levels.

You collected 199 gold pieces.

Inventory:

Armour
 a - a +1 robe (worn)
Jewellery
 b - a +4 ring of protection (left hand)
 i - an amulet of the acrobat (around neck)
Scrolls
 c - a scroll of amnesia
 l - a scroll of revelation
Potions
 e - a potion of enlightenment
 f - a potion of magic {unknown}
 g - a potion of might {unknown}
 h - 3 potions of ambrosia
 j - a potion of attraction {unknown}


   Skills:
 + Level 3.3 Dodging
 - Level 1.5 Stealth
 * Level 3.9 Spellcasting
 * Level 3.9 Conjurations
 * Level 3.9 Hexes
   Level 0.0 Charms
 * Level 3.9 Summonings
 * Level 3.9 Necromancy
 * Level 3.9 Translocations
 * Level 3.9 Transmutations
 * Level 3.9 Fire Magic
 * Level 3.9 Ice Magic
 * Level 3.9 Air Magic
 * Level 3.9 Earth Magic
 * Level 3.9 Poison Magic


You knew the following spells:

 Your Spells              Type           Power      Damage    Failure   Level
a - Foxfire               Conj/Fire      72%        2x1d7     2%          1
b - Scorch                Fire           36%        2d6       4%          2
c - Volatile Blastmotes   Fire/Tloc      36%        2d13      9%          3
d - Inner Flame           Hex/Fire       18%        N/A       9%          3
e - Flame Wave            Conj/Fire      18%        2d7       28%         4
f - Freeze                Ice            72%        1d8       2%          1
Your spell library was empty.

Dungeon Overview and Level Annotations

Branches:
Dungeon (4/15)
 Temple: D:4-7

Altars:
Ashenzari

Shops:
D:1 *

Annotations:
D:4 Dowan, Duvessa, Eustachio


Innate Abilities, Weirdness & Mutations

You are immune to sickness and miasma.
You are immune to poison.
Your flesh is very heat resistant. (rF++)
You are vulnerable to cold. (rC-)
You float through the air rather than walking.
You learn spells naturally, not from books.
Your magical power is your life essence.
You have superior vitality. (+4 MHP)


Message History

The ball python bites you but does no damage.
The ball python constricts you.
Eustachio casts a spell.
Eustachio blinks!
The river rat bites you but does no damage.
The river rat twitches its whiskers.
The river rat bites you but does no damage.
You escape the ball python's grasp.
The river rat completely misses you. x2
Eustachio mumbles some strange words.
Eustachio blinks!
The ball python closely misses you. The ball python completely misses you.
Dowan gestures at you while chanting. The puff of frost hits you!
You feel a terrible chill!
* * * LOW HITPOINT WARNING * * *
It was a potion of curing.
You feel better.
You feel less invigorated. The ball python closely misses you.
The ball python misses you. The shadow imp gestures at you.
You barely resist. The river rat misses you. The river rat bites you.
* * * LOW HITPOINT WARNING * * *
Duvessa barely misses you.
You feel better. The ball python closely misses you.
The ball python completely misses you. The river rat closely misses you.
The river rat barely misses you. Duvessa barely misses you.
Dowan points at you and mumbles some strange words.
The puff of frost hits you!
You feel a terrible chill!
* * * LOW HITPOINT WARNING * * *
Okay, then.
It was a potion of enlightenment.
You feel more buoyant. The ball python barely misses you.
The ball python grabs you. The ball python constricts you.
* * * LOW HITPOINT WARNING * * *
The river rat barely misses you. Duvessa barely misses you.
The river rat bites you.
* * * LOW HITPOINT WARNING * * *
Dowan points at Duvessa and mumbles some strange words.
Duvessa seems to speed up.
The shadow imp closely misses you.
You escape the ball python's grasp.
The river rat attacks as you move away! The river rat bites you!
You die...

.. ..............# .#
..............# ..
.............### .##
............... ..#
.............#####..#
.......?5........<..#
.......55......#....#
.......S@r@....#....#
........er..........#
.............#......#
.............#......#
♣♣+♣.e.......####...#
♣................#
♣.........####..##
♣.#.####.## #.>.#
+.#. #.# #####


You could see Eustachio, Duvessa (fast), Dowan, 2 iron imps, 2 river rats, a
shadow imp (summoned) and a ball python.

Vanquished Creatures
  4 adders
  A worm (D:3)
  4 dart slugs
  An orc (D:3)
  3 bats
  2 endoplasms (D:3)
  A giant cockroach (D:1)
  4 goblins
  A hobgoblin (D:1)
  5 kobolds
  3 quokkas
  4 ball pythons
  3 frilled lizards
  2 rats
38 creatures vanquished.

Vanquished Creatures (others)
  195 foxfires
195 creatures vanquished.

Grand Total: 233 creatures vanquished

Notes
Turn   | Place    | Note
-------+----------+-------------------------------------------
     0 | D:1      | Rohain the Djinni Fire Elementalist began the quest for the
                  | Orb.
     0 | D:1      | Rohain set off with the following spells memorised:
                  | Foxfire, Scorch, Volatile Blastmotes, Inner Flame, Flame
                  | Wave.
     0 | D:1      | Reached XP level 1. HP: 15/15 MP: 0/0
   164 | D:1      | Found Xeugiypa's General Store.
   202 | D:1      | Reached XP level 2. HP: 20/21 MP: 0/0
   431 | D:1      | Reached XP level 3. HP: 24/25 MP: 0/0
   431 | D:1      | Learned a level 1 spell: Freeze
  1052 | D:2      | Reached XP level 4. HP: 29/31 MP: 0/0
  2085 | D:3      | Found a broken altar of Ashenzari.
  2108 | D:3      | Became a worshipper of Ashenzari the Shackled
  2229 | D:4      | Noticed Eustachio
  2243 | D:4      | Noticed Duvessa
  2246 | D:4      | Noticed Dowan
  2247 | D:4      | Identified a scroll of acquirement
  2247 | D:4      | Acquired a staff of fire
  2249 | D:4      | HP: 1/31 [Dowan/puff of frost (12)]
  2253 | D:4      | Slain by a river rat

Illustrated notes

Levels and vault maps discovered:
D:1:      mrwooster_arrival_arrow, layout_basic, serial_shops, shop,
          ebering_dispersal_statue_hall
D:2:      layout_loops_ring
D:3:      layout_loops_cross, mainiacjoe_overflow_small_starburst, minivault_26
D:4:      layout_basic, kennysheep_mini_moat,
          mainiacjoe_overflow_six_doors_small, marbit_many_paths,
          temple_doors_e, gammafunk_ghost_nasty_kobolds, serial_glass,
          glass_columns_b, glass_columns_c, chequers_serial_rivers_large_b,
          uniq_eustachio, uniq_duvessa, uniq_natasha

Skill      XL: |  1  2  3 |
---------------+----------+-----
Spellcasting   | |  3.9
Conjurations   | |  3.9
Hexes          | |  3.9
Summonings     | |  3.9
Necromancy     | |  3.9
Translocations | |  3.9
Transmutations | |  3.9
Fire Magic     | |  3.9
Ice Magic      | |  3.9
Air Magic      | |  3.9
Earth Magic    | |  3.9
Poison Magic   | |  3.9
Dodging        | 3 |  3.3
Stealth        | |  1.5

Action                     |  1- 3 |  4- 6 || total
---------------------------+-------+-------++-------
  Melee: Unarmed           |       |     1 ||     1
   Cast: Foxfire           |    64 |    63 ||   127
         Scorch            |     1 |     6 ||     7
    Use: Scroll            |     5 |     4 ||     9
         Potion            |       |     4 ||     4
 Armour: Robe              |     6 |     7 ||    13
  Dodge: Dodged            |    11 |    28 ||    39

Table legend: (Time is in decaauts)
 A = Elapsed time spent in this place.
 B = Non-inter-level travel time spent in this place.
 C = Inter-level travel time spent in this place.
 D = Time resting spent in this place.
 E = Time spent auto-exploring this place.
 F = Levels seen in this place.
 G = Mean time per level.
                   A        B        C        D        E       F      G
               +--------+--------+--------+--------+--------+-----+--------+
         Total |   2251 |   2185 |     66 |     62 |   1780 |   4 |  562.8 |
       Dungeon |   2251 |   2185 |     66 |     62 |   1780 |   4 |  562.8 |
               +--------+--------+--------+--------+--------+-----+--------+

Top non-repeatable levels by time:
     D:2: 811 daAuts
     D:3: 719 daAuts
     D:1: 670 daAuts
     D:4: 49 daAuts
